APP
BALTIMORE (APP) ORIOLES @ PRINCETON RAYS
05/03/2044
 
TOP OF THE 1ST
Baltimore (APP) Orioles batting - Pitching for Princeton Rays : RHP Ruben Requena
Pitching: RHP Ruben Requena
Batting: RHB Mike Zepeda 0-0: Foul Ball, location: 2F
0-1: Ground out 5-3 (Groundball, 56S, EV 91.2 MPH)
Batting: RHB Fernando Bravo 0-0: Ball
1-0: Called Strike
1-1: Ball
2-1: Foul Ball, location: 2F
2-2: Hit by Pitch
Batting: RHB Jeremy Sipe 0-0: Called Strike
0-1: Ball
1-1: Fly out, F7 (Flyball, 7S, EV 86.9 MPH)
Batting: LHB Justin Alworth 0-0: Called Strike
0-1: Called Strike
0-2: Foul Ball, location: 2F
0-2: Ball
1-2: Foul Ball, location: 2F
1-2: Ball
2-2: Fly out, F6 (Popup, 56, EV 54.4 MPH)
Top of the 1st over - 0 runs, 0 hits, 0 errors, 1 left on base; Baltimore (APP) 0 - Princeton 0
BOTTOM OF THE 1ST
Princeton Rays batting - Pitching for Baltimore (APP) Orioles : RHP Bryant Orr
Pitching: RHP Bryant Orr
Batting: SHB Chris Lockart 0-0: Foul Ball, location: 2F
0-1: Foul Ball, location: 2F
0-2: Ball
1-2: Foul Ball, location: 2F
1-2: Ball
2-2: Foul Ball, location: 2F
2-2: SINGLE (Groundball, 4MS, EV 66.9 MPH) (infield hit)
Batting: RHB James Huddleston 0-0: Called Strike
0-1: Ball
1-1: Ball
2-1: Ball
3-1: Fly out, F7 (Line Drive, 7D, EV 98.8 MPH)
Batting: SHB Lou Kroneman 0-0: Ball
Chris Lockart steals 2nd base (no throw)
1-0: Foul Ball, location: 2F
1-1: Swinging Strike
1-2: 2-RUN HOME RUN (Flyball, 7D, EV 96.2 MPH), Distance : 368 ft
Batting: RHB Wil Urban 0-0: Ball
1-0: Foul Ball, location: 2F
1-1: Ball
2-1: Called Strike
2-2: Foul Ball, location: 2F
2-2: Strikes out swinging
Batting: RHB Dan Marks 0-0: Called Strike
0-1: Foul Ball, location: 2F
0-2: Foul Ball, location: 2F
0-2: Strikes out swinging
Bottom of the 1st over - 2 runs, 2 hits, 0 errors, 0 left on base; Baltimore (APP) 0 - Princeton 2
TOP OF THE 2ND
Baltimore (APP) Orioles batting - Pitching for Princeton Rays : RHP Ruben Requena
Batting: RHB Lee Deason 0-0: Ball
1-0: Ball
2-0: Foul Ball, location: 2F
2-1: Foul Ball, location: 2F
2-2: Foul Ball, location: 2F
2-2: Foul Ball, location: 2F
2-2: SINGLE (Groundball, 6MD, EV 100.6 MPH)
Batting: LHB Tomas de Zeeuw 0-0: Ball
1-0: Swinging Strike
1-1: Fielders Choice at 2nd, 4-6 (Groundball, 4, EV 100.6 MPH)
Batting: RHB Kaleb Yerger 0-0: Called Strike
0-1: Foul Ball, location: 2F
0-2: Foul Ball, location: 2F
0-2: Ball
1-2: Ball
2-2: Ball
3-2: Strikes out looking
Batting: RHB Alex Valencia 0-0: Ball
1-0: Foul Ball, location: 2F
1-1: Ball
2-1: Ball
3-1: Base on Balls
Tomas de Zeeuw to second
Batting: RHB Ioan Biros 0-0: Ball
1-0: Foul Ball, location: 2F
1-1: Foul Ball, location: 2F
1-2: Ball
2-2: Ball
3-2: Foul Ball, location: 2F
3-2: Foul Ball, location: 2F
3-2: Ground out 5-3 (Groundball, 56S, EV 91.2 MPH)
Top of the 2nd over - 0 runs, 1 hit, 0 errors, 2 left on base; Baltimore (APP) 0 - Princeton 2
BOTTOM OF THE 2ND
Princeton Rays batting - Pitching for Baltimore (APP) Orioles : RHP Bryant Orr
Batting: SHB Wayne Hattan 0-0: Ball
1-0: DOUBLE (Line Drive, 7LM, EV 98.8 MPH)
Batting: RHB Hector Silva 0-0: SINGLE (Groundball, 6M, EV 81.2 MPH) (infield hit)
Wayne Hattan to third
Batting: RHB Kunizo Yanagisawa 0-0: Called Strike
0-1: Ball
1-1: Called Strike
1-2: Fielders Choice at 2nd, 6-4 (Groundball, 6, EV 85.6 MPH)
Wayne Hattan scores
Batting: RHB Jim Erdody 0-0: Ball
Kunizo Yanagisawa is caught stealing 2nd base 2-4
1-0: Called Strike
1-1: Ball
2-1: Swinging Strike
2-2: Strikes out swinging, 2-3 out at first.
Bottom of the 2nd over - 1 run, 2 hits, 0 errors, 0 left on base; Baltimore (APP) 0 - Princeton 3
TOP OF THE 3RD
Baltimore (APP) Orioles batting - Pitching for Princeton Rays : RHP Ruben Requena
Batting: RHB Mike Zepeda 0-0: Foul Ball, location: 2F
0-1: Swinging Strike
0-2: Fly out, F8 (Line Drive, 8LM, EV 98.1 MPH)
Batting: RHB Fernando Bravo 0-0: Foul Ball, location: 2F
0-1: Ball
1-1: Ground out 5-3 (Groundball, 5, EV 103.1 MPH)
Batting: RHB Jeremy Sipe 0-0: Called Strike
0-1: Foul Ball, location: 2F
0-2: Foul Ball, location: 2F
0-2: Strikes out looking
Top of the 3rd over - 0 runs, 0 hits, 0 errors, 0 left on base; Baltimore (APP) 0 - Princeton 3
BOTTOM OF THE 3RD
Princeton Rays batting - Pitching for Baltimore (APP) Orioles : RHP Bryant Orr
Batting: SHB Chris Lockart 0-0: Called Strike
0-1: Ball
1-1: SINGLE (Line Drive, 56, EV 104.4 MPH)
Batting: RHB James Huddleston 0-0: Swinging Strike
0-1: Ball
1-1: Foul Ball, location: 2F
1-2: Ball
2-2: Strikes out looking
Batting: SHB Lou Kroneman 0-0: Ball
1-0: Ball
2-0: Called Strike
2-1: Ball
3-1: Fly out, F8 (Line Drive, 8LM, EV 98.8 MPH)
Batting: RHB Wil Urban 0-0: Called Strike
Chris Lockart steals 2nd, throwing error, E2
Chris Lockart to third
0-1: Fly out, F9 (Flyball, 9S, EV 89.4 MPH)
Bottom of the 3rd over - 0 runs, 1 hit, 1 error, 1 left on base; Baltimore (APP) 0 - Princeton 3
TOP OF THE 4TH
Baltimore (APP) Orioles batting - Pitching for Princeton Rays : RHP Ruben Requena
Batting: LHB Justin Alworth 0-0: Called Strike
0-1: Ball
1-1: Called Strike
1-2: Strikes out swinging
Batting: RHB Lee Deason 0-0: Called Strike
0-1: Ball
1-1: Ball
2-1: Foul Ball, location: 2F
2-2: Ball
3-2: Base on Balls
Batting: LHB Tomas de Zeeuw 0-0: Swinging Strike
0-1: Ball
1-1: Ball
2-1: Called Strike
2-2: Strikes out swinging
Batting: RHB Kaleb Yerger 0-0: Called Strike
0-1: Ball
1-1: Foul Ball, location: 2F
1-2: Ground out 5-3 (Groundball, 56S, EV 87.5 MPH)
Top of the 4th over - 0 runs, 0 hits, 0 errors, 1 left on base; Baltimore (APP) 0 - Princeton 3
BOTTOM OF THE 4TH
Princeton Rays batting - Pitching for Baltimore (APP) Orioles : RHP Bryant Orr
Batting: RHB Dan Marks 0-0: Swinging Strike
0-1: Ball
1-1: Swinging Strike
1-2: DOUBLE (Popup, 4D, EV 41.9 MPH)
Batting: SHB Wayne Hattan 0-0: Swinging Strike
0-1: Foul Ball, location: 2F
0-2: Ball
1-2: Ground out 5-3 (Groundball, 56D, EV 94.4 MPH)
Batting: RHB Hector Silva 0-0: Ball
1-0: Ball
2-0: Called Strike
2-1: Swinging Strike
2-2: Ground out 6-3 (Groundball, 6, EV 103.8 MPH)
Batting: RHB Kunizo Yanagisawa 0-0: Called Strike
0-1: Fly out, F7 (Line Drive, 7D, EV 86.2 MPH)
Bottom of the 4th over - 0 runs, 1 hit, 0 errors, 1 left on base; Baltimore (APP) 0 - Princeton 3
TOP OF THE 5TH
Baltimore (APP) Orioles batting - Pitching for Princeton Rays : RHP Ruben Requena
Batting: RHB Alex Valencia 0-0: Ball
1-0: Called Strike
1-1: Swinging Strike
1-2: Foul Ball, location: 2F
1-2: Strikes out swinging
Batting: RHB Ioan Biros 0-0: Called Strike
0-1: Ball
1-1: Ball
2-1: Ball
3-1: Swinging Strike
3-2: Foul Ball, location: 2F
3-2: Foul Ball, location: 2F
3-2: Base on Balls
Batting: RHB Mike Zepeda 0-0: Ball
1-0: Called Strike
1-1: Ball
2-1: Ball
3-1: Called Strike
3-2: DOUBLE (Flyball, 78XD, EV 100.6 MPH)
Ioan Biros to third
Batting: RHB Fernando Bravo 0-0: Foul Ball, location: 2F
0-1: Foul Ball, location: 2F
0-2: Strikes out looking
Batting: RHB Jeremy Sipe 0-0: SINGLE (Groundball, 56D, EV 107.5 MPH)
Ioan Biros scores
Mike Zepeda to third
Runner from 3rd tries for Home, SAFE, throw by LF to home
Batting: LHB Justin Alworth 0-0: Called Strike
Jeremy Sipe is caught stealing 2nd base 2-6
Top of the 5th over - 2 runs, 2 hits, 0 errors, 0 left on base; Baltimore (APP) 2 - Princeton 3
BOTTOM OF THE 5TH
Princeton Rays batting - Pitching for Baltimore (APP) Orioles : RHP Bryant Orr
Batting: RHB Jim Erdody 0-0: Called Strike
0-1: Ball
1-1: DOUBLE (Groundball, 3L, EV 105.6 MPH)
Batting: SHB Chris Lockart 0-0: Called Strike
0-1: Ball
1-1: Ball
2-1: Ball
3-1: Base on Balls
Pitching: RHP Adam Browne
Batting: RHB James Huddleston 0-0: Called Strike
0-1: Ball
1-1: SINGLE (Groundball, 6D, EV 98.8 MPH)
Jim Erdody to third
Chris Lockart to second
Batting: SHB Lou Kroneman 0-0: Swinging Strike
0-1: Foul Ball, location: 2F
0-2: Foul Ball, location: 2F
0-2: Fly out, F3 (Flyball, 3D, EV 73.8 MPH)
Batting: RHB Wil Urban 0-0: Ball
1-0: Ball
2-0: Ball
3-0: Base on Balls
Jim Erdody scores
Chris Lockart to third
James Huddleston to second
Batting: RHB Dan Marks 0-0: Ball
1-0: Ball
2-0: Ball
3-0: Base on Balls
Chris Lockart scores
James Huddleston to third
Wil Urban to second
Batting: SHB Wayne Hattan 0-0: Foul Ball, location: 2F
0-1: Ball
1-1: Swinging Strike
1-2: Ball
2-2: Foul Ball, location: 2F
2-2: Foul Ball, location: 2F
2-2: Ball
3-2: Base on Balls
James Huddleston scores
Wil Urban to third
Dan Marks to second
Batting: RHB Hector Silva 0-0: Ball
1-0: Ball
2-0: Foul Ball, location: 2F
2-1: Fielders Choice at 2nd, 6-4 (Groundball, 6S, EV 89.4 MPH)
Wil Urban scores
Dan Marks to third
Batting: RHB Kunizo Yanagisawa 0-0: SINGLE (Groundball, 6MD, EV 94.4 MPH)
Dan Marks scores
Hector Silva to second
Runner from 2nd tries for 3rd, SAFE, throw by CF made to third
Batting: RHB Jim Erdody 0-0: Ball
1-0: Called Strike
1-1: Ball
2-1: Foul Ball, location: 2F
2-2: Foul Ball, location: 2F
2-2: Strikes out swinging
Bottom of the 5th over - 5 runs, 3 hits, 0 errors, 2 left on base; Baltimore (APP) 2 - Princeton 8
TOP OF THE 6TH
Baltimore (APP) Orioles batting - Pitching for Princeton Rays : RHP Ruben Requena
Batting: LHB Justin Alworth 0-0: Called Strike
0-1: Called Strike
0-2: Foul Ball, location: 2F
0-2: Ball
1-2: SINGLE (Groundball, 56D, EV 95.6 MPH)
Pitching: RHP Takenori Iwata
Batting: RHB Lee Deason 0-0: Called Strike
0-1: Ball
1-1: Fielders Choice at 2nd, 5-4 (Groundball, 5L, EV 100.6 MPH)
Batting: LHB Tomas de Zeeuw 0-0: Called Strike
0-1: Foul Ball, location: 2F
0-2: Ball
1-2: Ball
2-2: Foul Ball, location: 2F
2-2: Ball
3-2: Foul Ball, location: 2F
3-2: Base on Balls
Lee Deason to second
Batting: RHB Kaleb Yerger 0-0: Ball
1-0: Called Strike
1-1: Ball
2-1: Ball
3-1: Foul Ball, location: 2F
3-2: Foul Ball, location: 2F
3-2: Ground out 6-3 (Groundball, 6, EV 99.4 MPH)
Lee Deason to third
Tomas de Zeeuw to second
Batting: RHB Alex Valencia 0-0: Ball
Passed Ball!
Lee Deason scores
Tomas de Zeeuw to third
1-0: 2-RUN HOME RUN (Flyball, 78XD, EV 103.8 MPH), Distance : 402 ft
Batting: RHB Ioan Biros 0-0: Single, Error in OF, E8, batter to second base (Groundball, 6D, EV 100.0 MPH)
Batting: RHB Mike Zepeda 0-0: Called Strike
0-1: Swinging Strike
0-2: Ball
1-2: Ball
2-2: Fly out, F3 (Popup, 34, EV 65.0 MPH)
Top of the 6th over - 3 runs, 3 hits, 1 error, 1 left on base; Baltimore (APP) 5 - Princeton 8
BOTTOM OF THE 6TH
Princeton Rays batting - Pitching for Baltimore (APP) Orioles : RHP Adam Browne
Pitching: RHP Frank Caillouet
Batting: SHB Chris Lockart 0-0: Called Strike
0-1: Swinging Strike
0-2: Strikes out looking
Batting: RHB James Huddleston 0-0: Ball
1-0: Ball
2-0: Ball
3-0: Called Strike
3-1: Foul Ball, location: 2F
3-2: Fly out, F8 (Flyball, 8RD, EV 96.9 MPH)
Batting: SHB Lou Kroneman 0-0: Ball
1-0: Swinging Strike
1-1: Ball
2-1: Foul Ball, location: 2F
2-2: Strikes out swinging
Bottom of the 6th over - 0 runs, 0 hits, 0 errors, 0 left on base; Baltimore (APP) 5 - Princeton 8
TOP OF THE 7TH
Baltimore (APP) Orioles batting - Pitching for Princeton Rays : RHP Takenori Iwata
Batting: RHB Fernando Bravo 0-0: Foul Ball, location: 2F
0-1: Fly out, F1 (Line Drive, P, EV 62.5 MPH)
Batting: RHB Jeremy Sipe 0-0: Ball
1-0: Fly out, F9 (Flyball, 9LD, EV 87.5 MPH)
Batting: LHB Justin Alworth 0-0: Ball
1-0: Called Strike
1-1: Swinging Strike
1-2: Foul Ball, location: 2F
1-2: Strikes out swinging
Top of the 7th over - 0 runs, 0 hits, 0 errors, 0 left on base; Baltimore (APP) 5 - Princeton 8
BOTTOM OF THE 7TH
Princeton Rays batting - Pitching for Baltimore (APP) Orioles : RHP Frank Caillouet
Batting: RHB Wil Urban 0-0: Ball
1-0: Ball
2-0: Called Strike
2-1: Ball
3-1: Called Strike
3-2: Base on Balls
Batting: RHB Dan Marks 0-0: Called Strike
0-1: Called Strike
0-2: Strikes out looking
Batting: SHB Wayne Hattan 0-0: Called Strike
0-1: Grounds into double play, 5-4-3 (Groundball, 56, EV 98.8 MPH)
Bottom of the 7th over - 0 runs, 0 hits, 0 errors, 0 left on base; Baltimore (APP) 5 - Princeton 8
TOP OF THE 8TH
Baltimore (APP) Orioles batting - Pitching for Princeton Rays : RHP Takenori Iwata
Pitching: LHP Parker Martinet
Now at C: James Huddleston
Now at 1B: Kunizo Yanagisawa
Now at 3B: Zach Rose
Batting: RHB Lee Deason 0-0: Swinging Strike
0-1: Ball
1-1: Called Strike
1-2: Foul Ball, location: 2F
1-2: Foul Ball, location: 2F
1-2: Strikes out swinging
Batting: LHB Tomas de Zeeuw 0-0: Called Strike
0-1: Ball
1-1: Swinging Strike
1-2: Ball
2-2: Ball
3-2: Foul Ball, location: 2F
3-2: Foul Ball, location: 2F
3-2: Foul Ball, location: 2F
3-2: Foul Ball, location: 2F
3-2: Strikes out swinging
Batting: RHB Kaleb Yerger 0-0: Ball
1-0: Ball
2-0: Called Strike
2-1: Foul Ball, location: 2F
2-2: Strikes out swinging
Top of the 8th over - 0 runs, 0 hits, 0 errors, 0 left on base; Baltimore (APP) 5 - Princeton 8
BOTTOM OF THE 8TH
Princeton Rays batting - Pitching for Baltimore (APP) Orioles : RHP Frank Caillouet
Batting: RHB Hector Silva 0-0: Ball
1-0: Fly out, F7 (Line Drive, 7, EV 98.1 MPH)
Batting: RHB Kunizo Yanagisawa 0-0: Ball
1-0: Called Strike
1-1: Foul Ball, location: 2F
1-2: Foul Ball, location: 2F
1-2: Strikes out swinging
Batting: RHB Jim Erdody 0-0: Ball
1-0: Called Strike
1-1: Called Strike
1-2: Strikes out looking
Bottom of the 8th over - 0 runs, 0 hits, 0 errors, 0 left on base; Baltimore (APP) 5 - Princeton 8
TOP OF THE 9TH
Baltimore (APP) Orioles batting - Pitching for Princeton Rays : LHP Parker Martinet
Pitching: RHP Cody Wilharm
Batting: RHB Alex Valencia 0-0: Swinging Strike
0-1: Ball
1-1: Foul Ball, location: 2F
1-2: Foul Ball, location: 2F
1-2: Strikes out looking
Pinch Hitting: LHB Antonio Cantu 0-0: Swinging Strike
0-1: Ball
1-1: Ball
2-1: Foul Ball, location: 2F
2-2: Ball
3-2: Ground out 4-3 (Groundball, 4, EV 102.5 MPH)
Batting: RHB Mike Zepeda 0-0: Foul Ball, location: 2F
0-1: Ball
1-1: Called Strike
1-2: Fly out, F7 (Line Drive, 7D, EV 95.6 MPH)
Top of the 9th over - 0 runs, 0 hits, 0 errors, 0 left on base; Baltimore (APP) 5 - Princeton 8
Thursday, March 31st , 2022 - OOTP Baseball 22.12 Build 89